Map: [ESL] Babylon

Players

Serral - Winner!

  • Race: Zerg Zerg
  • League: Diamond
  • Spawn Location: 11:00

GuMiho

  • Race: Terran Terran
  • Spawn Location: 5:00

Event: ESL SC2 Masters 2023 Summer (Finals)

VOD

Have the link to the VOD?

Description

Time

  • Played on: June 18, 2023, 1:48 p.m.
  • Length: 13:46

All games in this series

Show
View Real Time Build Order
Export as new Build Order

Serral Zerg - Winner!

Build Orders: Hatch First, Lurkers 

Get SALT Encoding   

  12  0:00  Drone  
  13  0:07  Drone  
  14  0:14  Extractor  
  14  0:15  Drone  
  15  0:37  Hatchery  
  15  0:41  Extractor  
  13  0:43  Drone  
  13  0:49  Overlord  
  15  1:03  Spawning Pool  
  14  1:07  Drone  
  14  1:10  Drone  
  16  1:15  Drone  
  16  1:18  Drone  
  18  1:29  Drone  
  19  1:40  Drone  
  20  1:49  Queen x2  
  20  1:51  Zergling x2  
  25  1:56  Overlord  
  25  2:01  Drone x2  
  27  2:12  Drone  
  27  2:14  Drone  
  29  2:21  Drone  
  30  2:23  Drone  
  30  2:25  Queen x2  
  35  2:32  Drone  
  35  2:33  Overlord  
  36  2:45  Hatchery  
  36  2:47  Drone  
  36  2:51  Extractor, Drone  
  35  2:55  Drone x2  
  38  2:59  Drone x2  
  38  3:00  Drone  
  38  3:03  Drone  
  42  3:06  Drone  
  42  3:07  Drone  
  42  3:12  Overlord  
  43  3:19  Roach Warren  
  42  3:23  Extractor, Drone  
  42  3:24  Drone  
  43  3:32  Drone x6  
  49  3:35  Drone  
  49  3:39  Drone, Overlord  
  51  3:45  Overlord  
  51  3:48  Overlord  
  51  4:00  Roach x5  
  63  4:03  Roach  
  63  4:04  Drone x2  
  63  4:08  Drone  
  66  4:11  Drone x2  
  68  4:18  Overlord  
  68  4:19  Overlord  
  68  4:21  Spore Crawler  
  68  4:23  Drone  
  68  4:31  Drone x2  
  66  4:33  Drone x6  
  66  4:37  Queen  
  72  4:40  Drone  
  72  4:42  Drone x3  
  77  4:46  Lair  
  77  4:49  Spore Crawler  
  77  4:52  Spore Crawler x2  
  75  4:54  Drone  
  75  4:58  Queen  
  77  5:04  Drone  
  77  5:05  Drone x3  
  80  5:07  Drone, Spore Crawler  
  75  5:14  Drone x4  
  75  5:16  Drone  
  75  5:17  Drone x2  
  75  5:21  Drone x2  
  79  5:23  Drone  
  79  5:27  Roach x2  
  84  5:29  Drone  
  85  5:36  Drone  
  85  5:37  Queen  
  85  5:38  Extractor, Drone x2  
  85  5:41  Extractor  
  88  5:43  Overseer  
  88  5:44  Evolution Chamber x2, Glial Reconstitution  
  88  5:49  Overlord, Drone  
  88  5:50  Drone x2  
  88  5:51  Overseer  
  88  5:53  Drone  
  88  5:56  Extractor  
  89  5:57  Extractor, Drone x2  
  89  6:01  Overlord  
  90  6:04  Overlord  
  90  6:09  Zerg Missile Weapons Level 1  
  90  6:10  Drone x5, Infestation Pit  
  94  6:17  Zerg Ground Armor Level 1  
  94  6:21  Hatchery  
  94  6:22  Drone  
  94  6:26  Drone  
  94  6:27  Drone x2  
  94  6:29  Drone x2  
  99  6:33  Drone x3  
  99  6:36  Drone x3  
  99  6:39  Overlord  
  105  6:46  Hive  
  105  6:47  Hydralisk Den  
  104  6:48  Drone x3  
  104  6:52  Overlord, Metabolic Boost  
  107  6:55  Roach  
  107  6:56  Roach  
  107  6:59  Overlord  
  111  7:02  Extractor  
  111  7:03  Roach x2  
  111  7:05  Extractor  
  113  7:08  Roach  
  113  7:09  Roach x3  
  113  7:14  Zergling x4  
  113  7:15  Zergling x2  
  124  7:20  Roach x4  
  132  7:23  Lurker Den  
  132  7:25  Overlord  
  132  7:28  Overlord  
  131  7:30  Zergling x12  
  131  7:33  Ravager  
  138  7:38  Queen, Overlord  
  140  7:47  Overlord  
  140  7:51  Roach x3  
  144  7:52  Ravager  
  144  7:53  Ravager  
  144  7:55  Overlord  
  148  7:58  Hydralisk x5  
  148  8:03  Viper  
  161  8:08  Overlord x2  
  161  8:09  Roach  
  161  8:10  Roach x2  
  167  8:13  Hydralisk x2, Ravager  
  172  8:23  Seismic Spines  
  172  8:24  Lurker x4  
  175  8:28  Lurker  
  175  8:29  Drone  
  175  8:30  Drone, Overlord  
  171  8:34  Zergling x16  
  171  8:38  Zerg Melee Weapons Level 1  
  178  8:48  Lurker x2  
  180  8:57  Hatchery  
  180  9:01  Zerg Ground Armor Level 2  
  179  9:03  Viper  
  182  9:11  Hydralisk  
  184  9:20  Adaptive Talons  
  184  9:21  Hydralisk x3  
  190  9:39  Hydralisk x4, Lurker  
  190  9:40  Zergling x2  
  190  9:42  Hatchery  
  199  9:50  Lurker  
  200  9:53  Adrenal Glands  
  200  9:54  Baneling Nest  
  199  10:06  Zergling x2  
  197  10:27  Hydralisk x9  
  177  10:36  Roach x11  
  194  10:45  Lurker  
  189  10:50  Hydralisk x7  
  189  10:54  Lurker x2  
  193  10:57  Hydralisk  
  195  11:11  Extractor  
  195  11:14  Extractor  
  178  11:25  Queen x3  
  184  11:26  Zerg Melee Weapons Level 2  
  184  11:28  Drone x2  
  184  11:30  Drone x2  
  184  11:32  Muscular Augments  
  188  11:35  Zergling x12  
  180  11:40  Lurker x7  
  180  11:43  Drone  
  188  11:47  Lurker x2  
  188  11:50  Zergling x14  
  188  11:54  Drone  
  198  12:10  Lurker x3  
  198  12:15  Hatchery  
  193  12:24  Zergling x14  
  197  12:33  Hatchery  
  190  12:39  Hydralisk  
  190  12:40  Hydralisk x2, Zergling x8  
  190  12:41  Zergling x2  
  190  12:42  Hatchery  
  190  12:46  Zergling x8  
  190  12:47  Zergling x10  
  178  13:00  Hydralisk x9  
  189  13:14  Drone x2  
  189  13:15  Drone x2  
  189  13:16  Overlord x2  
  191  13:20  Overlord  
  188  13:31  Lurker x9  
  188  13:32  Drone x3  
Show
View Real Time Build Order
Export as new Build Order

GuMiho Terran 

Build Orders: Cyclone Opening, Gas First Reaper Expand 

Get SALT Encoding   

  12  0:00  SCV  
  13  0:12  SCV  
  14  0:17  Supply Depot  
  14  0:24  SCV  
  14  0:27  Refinery  
  15  0:38  SCV  
  16  0:44  Barracks  
  16  0:50  SCV  
  17  1:02  SCV  
  18  1:14  SCV  
  19  1:30  Orbital Command  
  19  1:31  Reaper  
  20  1:41  Command Center  
  20  1:52  Factory  
  20  1:56  SCV  
  20  2:01  Refinery  
  21  2:05  Barracks Reactor  
  22  2:08  SCV  
  22  2:14  Supply Depot  
  22  2:20  SCV  
  23  2:36  SCV  
  24  2:37  Starport  
  24  2:39  Factory Tech Lab  
  24  2:41  Marine x2  
  26  2:48  SCV  
  27  2:53  Orbital Command  
  30  2:58  Cyclone  
  30  3:00  Marine  
  30  3:04  Marine  
  32  3:09  SCV  
  33  3:17  Medivac  
  35  3:24  SCV x2  
  37  3:34  Supply Depot  
  37  3:36  SCV x2  
  39  3:42  Hellion x2, Supply Depot  
  43  3:48  SCV  
  43  3:49  SCV  
  47  4:03  Hellion, SCV  
  47  4:04  Hellion, SCV  
  53  4:14  Command Center  
  53  4:16  SCV  
  54  4:22  Banshee  
  54  4:23  Barracks Tech Lab  
  53  4:34  SCV x2  
  53  4:36  Hellion x2  
  59  4:40  Marine  
  59  4:41  Stimpack  
  60  4:49  SCV x2  
  62  4:52  Refinery  
  62  4:54  Refinery  
  62  4:56  Supply Depot  
  62  4:57  Supply Depot  
  61  5:10  Factory Reactor  
  61  5:14  SCV  
  62  5:17  Engineering Bay  
  62  5:20  SCV  
  61  5:22  Raven, Engineering Bay  
  61  5:26  SCV  
  64  5:29  Supply Depot  
  64  5:32  SCV  
  65  5:35  Barracks  
  65  5:38  Barracks, SCV  
  65  5:41  Marine  
  67  5:44  SCV  
  67  5:47  Barracks  
  67  5:48  Terran Infantry Weapons Level 1, Terran Infantry Armor Level 1  
  67  5:49  Barracks  
  68  5:50  SCV  
  68  5:56  Orbital Command  
  68  5:57  SCV, Supply Depot  
  70  6:06  SCV, Starport Reactor  
  70  6:09  SCV  
  72  6:11  Marine  
  72  6:14  Siege Tank  
  76  6:19  SCV  
  76  6:21  SCV  
  76  6:25  SCV  
  79  6:29  Marine  
  79  6:30  Marine x3  
  79  6:31  SCV, Supply Depot  
  79  6:32  Combat Shield  
  84  6:33  SCV  
  84  6:37  SCV  
  84  6:38  Barracks Reactor  
  84  6:39  Barracks Reactor  
  86  6:42  Marine  
  86  6:43  SCV  
  86  6:44  Supply Depot  
  86  6:45  SCV  
  86  6:46  Medivac x2  
  93  6:48  Siege Tank  
  93  6:49  SCV  
  93  6:52  Marine  
  93  6:53  Armory  
  98  6:55  Marine x2  
  98  6:56  Marine  
  98  6:58  SCV  
  98  6:59  SCV  
  98  7:00  Marine  
  98  7:01  SCV  
  105  7:03  Supply Depot  
  105  7:08  Supply Depot  
  105  7:11  Marine  
  105  7:12  Marine  
  105  7:14  Marine x2  
  105  7:15  Marine  
  110  7:17  Marine x2  
  110  7:18  Marine  
  110  7:19  Marine  
  110  7:22  SCV x3  
  117  7:25  Medivac x2  
  117  7:28  Marine  
  122  7:30  Marine  
  122  7:32  Marine, Refinery  
  122  7:33  Marine, Factory  
  125  7:38  SCV x2  
  125  7:42  Marine x2  
  125  7:43  Marine x2  
  131  7:45  Terran Infantry Weapons Level 2, Terran Infantry Armor Level 2  
  131  7:47  Siege Tank  
  131  7:50  SCV x3  
  137  7:54  Marine x2  
  137  7:55  Marine x3  
  141  8:04  Supply Depot  
  141  8:09  Command Center  
  141  8:14  Marine  
  145  8:20  Factory Tech Lab, Siege Tank  
  145  8:22  Supply Depot  
  145  8:25  Supply Depot  
  145  8:27  Supply Depot  
  145  8:28  SCV x2  
  145  8:31  Marine  
  145  8:32  Marine x7  
  152  8:36  Marine  
  152  8:40  Siege Tank  
  153  8:42  SCV  
  153  8:43  SCV x2  
  156  8:49  Marine x2  
  156  8:50  Marine  
  156  8:51  Marine x2  
  156  8:52  Marine, Siege Tank  
  156  8:53  Marine x2  
  156  8:54  Marine  
  168  9:01  Sensor Tower  
  168  9:07  Marine x3  
  168  9:09  Marine x3  
  172  9:11  SCV  
  172  9:12  SCV x2, Siege Tank  
  172  9:13  Marine x2, Terran Vehicle Weapons Level 1  
  172  9:14  Marauder  
  183  9:24  SCV x2  
  185  9:25  Marine x2  
  185  9:30  Planetary Fortress  
  187  9:33  Siege Tank  
  187  9:35  Barracks  
  187  9:36  Marine x3  
  193  9:42  Marine  
  193  9:43  Barracks, Marine x2  
  193  9:44  Siege Tank  
  199  9:45  Barracks  
  199  9:51  Marine  
  200  10:03  Terran Infantry Weapons Level 3, Terran Infantry Armor Level 3  
  197  10:11  Viking  
  199  10:27  Marauder  
  175  10:32  Siege Tank x2  
  167  10:36  Marine x3  
  167  10:37  Marine x2  
  167  10:38  Marine, Barracks Tech Lab x3  
  167  10:42  Marine  
  165  10:46  Marine  
  165  10:48  Marauder  
  164  10:54  Marine x3  
  164  10:55  Marine x3  
  162  10:57  Refinery  
  162  10:59  Refinery  
  162  11:00  Marauder x2  
  166  11:04  Siege Tank  
  166  11:10  Marauder  
  143  11:21  Marine x2, Marauder  
  143  11:22  Marine x6, Marauder x2  
  143  11:23  Siege Tank  
  137  11:31  Marauder, Viking x2  
  143  11:34  SCV x2, Ghost Academy  
  143  11:35  SCV, Concussive Shells  
  143  11:36  Siege Tank  
  143  11:39  Marine x2  
  151  11:40  Marine x3  
  151  11:42  Marine x2  
  151  11:43  Marauder  
  151  11:44  Marauder x2, Command Center, Marine  
  163  11:52  Marauder  
  165  11:57  Marine x2  
  165  12:00  Sensor Tower  
  165  12:01  Viking x2  
  171  12:02  Missile Turret, Refinery  
  171  12:04  Marauder  
  171  12:09  Siege Tank  
  171  12:12  Marine x3  
  181  12:23  Marine x2  
  181  12:24  Marine  
  181  12:26  Ghost  
  181  12:27  Ghost x2  
  181  12:35  Siege Tank  
  184  12:42  Marine x2  
  175  12:47  Viking x2  
  160  12:52  Marine x2  
  160  12:54  Marine  
  160  12:56  Marauder x2  
  160  12:57  Siege Tank  
  163  13:05  Marine  
  163  13:06  Marine  
  163  13:12  Siege Tank  
  155  13:17  Marauder, Ghost  
  160  13:25  SCV x3  
  163  13:28  Missile Turret  
Tags
 
Add a new tag
Caveats
  • Supply blocks, unpowered buildings, or Contaminate may cause inaccurate times.
  • Supply counts are checked every 10 seconds.